 Seeded DCSS version 0.29-a0-359-g541a27f54d (webtiles) character file.

Game seed: 12268997005642846884 (custom seed)

121 klau3 the Skirmisher (level 5, -1/57 HPs)
             Began as an Ogre Berserker on Apr 27, 2022.
             Was a Believer of Trog.
             Splashed by a jelly's acid (8 damage)
             ... on level 4 of the Dungeon.
             The game lasted 00:06:32 (3828 turns).

klau3 the Skirmisher (Ogre Berserker)               Turns: 3828, Time: 00:06:32

Health: -1/57      AC: -9    Str: 23    XL:     5   Next: 5%
Magic:  5/5        EV: 10    Int:  8    God:    Trog [**....]
Gold:   169        SH:  0    Dex:  8    Spells: 4/4 levels left

rFire   + . .      SeeInvis .   k - +1 hand axe (venom)
rCold   . . .      Faith    .   (no shield)
rNeg    . . .      Spirit   .   b - +0 animal skin
rPois   .          Reflect  .   (helmet restricted)
rElec   .          Harm     .   d - scarf {repulsion}
rCorr   .          Rampage  .   (gloves unavailable)
Will    .....                   (boots unavailable)
Stlth   +.........              (no amulet)
HPRegen 0.19/turn               r - ring of protection from fire
MPRegen 0.09/turn               (no ring)

@: about to teleport, corroded, studying Dodging, repel missiles
A: large, unfitting armour, tough skin 1
a: Renounce Religion, Berserk, Trog's Hand


You were on level 4 of the Dungeon.
You worshipped Trog.
Trog was pleased with you.
You visited 1 branch of the dungeon, and saw 4 of its levels.

You collected 169 gold pieces.

Inventory:

Hand Weapons
 a - a +0 hand axe
 g - a +0 hand axe of venom
 k - a +1 hand axe of venom (weapon)
Missiles
 u - 16 stones (quivered)
Armour
 b - a +0 animal skin (worn)
 d - a scarf of repulsion (worn)
Jewellery
 r - a ring of protection from fire (left hand)
 s - a ring of fire
 t - a ring of willpower
Scrolls
 c - 2 scrolls of fog {unknown}
 e - 2 scrolls of teleportation
 f - 2 scrolls of vulnerability {unknown}
 h - a scroll of silence {unknown}
 i - a scroll of magic mapping
 o - a scroll of blinking {unknown}
 p - a scroll of brand weapon {unknown}
 q - a scroll of enchant armour
Potions
 j - a potion of brilliance {unknown}
 l - 2 potions of cancellation
 m - a potion of degeneration {unknown}
 n - 2 potions of heal wounds {unknown}
 v - 2 potions of lignification {unknown}
 w - a potion of curing {unknown}


   Skills:
 + Level 5.0 Fighting
 + Level 4.3 Axes
 + Level 3.6 Dodging
 + Level 0.3 Stealth


You had 4 spell levels left.
You didn't know any spells.
Your spell library contained the following spells:

 Spells                   Type           Power      Damage    Failure   Level
 Animate Skeleton         Necr           0%         N/A       41%         1
 Pain                     Necr           0%         1d4       41%         1
 Gell's Gravitas          Tloc           0%         N/A       78%         3
 Lesser Beckoning         Tloc           0%         N/A       78%         3
 Teleport Other           Tloc           0%         N/A       78%         3
 Vampiric Draining        Necr           0%         2d6       78%         3
 Olgreb's Toxic Radiance  Pois           0%         N/A       99%         4
 Malign Gateway           Summ/Tloc      0%         N/A       100%        7
 Ozocubu's Refrigeration  Ice            0%         4d5       100%        7
 Ignition                 Fire           0%         3d3       100%        8
 Summon Horrible Things   Summ           0%         N/A       100%        8


Dungeon Overview and Level Annotations

Branches:
Dungeon (4/15)
 Temple: D:4-7

Altars:


Innate Abilities, Weirdness & Mutations

You are too large for most types of armour.
You have tough skin. (AC +1)


Message History

You slash the orc!
You kill the orc!
Trog accepts your kill.
Things that are here:
a +0 club; a +0 leather armour The orc hits you with a +0 flail.
The orc barely misses you.
You hit the orc but do no damage. You hit the orc.
The orc is poisoned.
You hit the orc.
The orc is poisoned.
The orc hits you with a +0 flail. The orc hits you but does no damage.
The orc barely misses you.
You hit the orc.
You kill the orc!
Trog accepts your kill.
You completely miss the orc. You slash the orc!
You kill the orc!
Trog accepts your kill. The orc closely misses you.
You have reached level 5!
You hit the orc.
The orc looks even sicker.
The orc is heavily wounded.
You kill the orc!
Trog accepts your kill.
You see here a +0 flail.
A jelly comes into view.
You see here 15 gold pieces.
You now have 169 gold pieces (gained 15).
You hit the jelly but do no damage.
Your hands burn!
The jelly hits you. The acid corrodes you!
You are splashed with acid!
You hit the jelly.
The jelly is poisoned.
Your hands burn!
The jelly is lightly wounded.
The jelly hits you.
You are splashed with acid!
* * * LOW HITPOINT WARNING * * *
As you read the scroll of teleportation, it crumbles to dust.
You feel strangely unstable. The jelly hits you.
* * * LOW HITPOINT WARNING * * *
The acid corrodes you!
You are splashed with acid.
* * * LOW HITPOINT WARNING * * *
The jelly attacks as you move away! The jelly hits you.
* * * LOW HITPOINT WARNING * * *
The acid corrodes you!
You are splashed with acid!
You die...

#....... ##. #......
...≈ ...... #..≈ #....
#.. ##...#
####.##...=#
.#.......J..#
.........@..# #.#
............# ...
#.....)))..# #.#
#..........# # #.#
##.....)..####. .
#.#####...<..........#
#................#####
###.## ##..........#
.....# #..........#


You could see a jelly (very poisoned).

Vanquished Creatures
  3 adders (D:2)
  2 worms
  3 dart slugs
  5 orcs
  7 endoplasms
  13 giant cockroaches
  4 goblins
  3 hobgoblins
  7 jackals (D:1)
  2 kobolds
  5 quokkas
  5 ball pythons
  3 bats
  2 frilled lizards
  2 rats (D:2)
66 creatures vanquished.

Vanquished Creatures (others)
  10 plants (D:4)
10 creatures vanquished.

Grand Total: 76 creatures vanquished

Notes
Turn   | Place    | Note
-------+----------+-------------------------------------------
     0 | D:1      | klau3 the Ogre Berserker began the quest for the Orb.
     0 | D:1      | Reached XP level 1. HP: 24/24 MP: 1/1
    76 | D:1      | Reached XP level 2. HP: 16/32 MP: 2/2
  1027 | D:1      | Reached XP level 3. HP: 32/40 MP: 3/3
  1261 | D:1      | Found a faded altar of an unknown god.
  1265 | D:1      | Reached ** piety under Trog
  1844 | D:2      | Reached XP level 4. HP: 43/49 MP: 4/4
  3271 | D:3      | Reached skill level 5 in Fighting
  3819 | D:4      | Reached XP level 5. HP: 47/57 MP: 5/5
  3828 | D:4      | Splashed by a jelly's acid

Illustrated notes

Levels and vault maps discovered:
D:1:      minmay_arrival_up_and_down, layout_loops_corners,
          hellmonk_ecumenical_altar_inner_sanctum
D:2:      layout_basic
D:3:      minmay_roachtagon, layout_basic
D:4:      layout_rooms, minmay_temple_entry_nine_rooms, serial_shops,
          nicolae_inconvenience_store, serial_bayou_lagoon_a,
          amcnicky_mini_pool_small

Skill      XL: |  1  2  3  4 |
---------------+-------------+-----
Dodging        | 3 |  3.6
Axes           | 4 |  4.3
Fighting       | 5 |  5.0
Stealth        | |  0.3

Action                   |  1- 3 |  4- 6 || total
-------------------------+-------+-------++-------
Melee: Hand axe          |    84 |    62 ||   146
Throw: Stone             |       |     1 ||     1
Invok: Berserk           |       |     1 ||     1
  Use: Scroll            |       |     6 ||     6
Armor: Animal skin       |    27 |    15 ||    42
Dodge: Dodged            |    67 |    32 ||    99
       Repelled          |       |     1 ||     1

Table legend: (Time is in decaauts)
 A = Elapsed time spent in this place.
 B = Non-inter-level travel time spent in this place.
 C = Inter-level travel time spent in this place.
 D = Time resting spent in this place.
 E = Time spent auto-exploring this place.
 F = Levels seen in this place.
 G = Mean time per level.
                   A        B        C        D        E       F      G
               +--------+--------+--------+--------+--------+-----+--------+
         Total |   3855 |   3408 |    447 |    200 |   2742 |   4 |  963.8 |
       Dungeon |   3855 |   3408 |    447 |    200 |   2742 |   4 |  963.8 |
               +--------+--------+--------+--------+--------+-----+--------+

Top non-repeatable levels by time:
     D:1: 1379 daAuts
     D:2: 1217 daAuts
     D:3: 1156 daAuts
     D:4: 102 daAuts
